 Dungeon Crawl Stone Soup version 0.28.0-43-g3370ac3207 (webtiles) character file.

Game seed: 6733377379591567439

244 Peloso the Covered (level 5, -3/47 HPs)
             Began as a Minotaur Fighter on Mar 23, 2022.
             Succumbed to Eustachio's poison
             ... on level 4 of the Dungeon.
             The game lasted 00:04:43 (3942 turns).

Peloso the Covered (Minotaur Fighter)               Turns: 3942, Time: 00:04:43

Health: -3/47      AC:  7    Str: 20    XL:     5   Next: 83%
Magic:  4/4        EV:  9    Int:  5    God:
Gold:   89         SH:  5    Dex: 12    Spells: 4/4 levels left

rFire   . . .      SeeInvis .   a - +0 long sword
rCold   . . .      Faith    .   c - +0 buckler
rNeg    . . .      Spirit   .   b - +0 scale mail
rPois   .          Reflect  .   (helmet restricted)
rElec   .          Harm     .   (no cloak)
rCorr   .          Rampage  .   (no gloves)
Will    .....                   (no boots)
Stlth   ..........              (no amulet)
HPRegen 0.15/turn               (no ring)
MPRegen 0.09/turn               (no ring)

@: brilliant, lethally poisoned (-3 -> -38)
A: horns 2, retaliatory headbutt
a: no special abilities


You were on level 4 of the Dungeon.
You visited 2 branches of the dungeon, and saw 5 of its levels.

You collected 89 gold pieces.

Inventory:

Hand Weapons
 a - a +0 long sword (weapon)
Armour
 b - a +0 scale mail (worn)
 c - a +0 buckler (worn)
Jewellery
 l - a ring of positive energy
Scrolls
 g - 2 scrolls of identify {unknown}
 m - a scroll of magic mapping {unknown}
Potions
 d - a potion of might
 e - a potion of degeneration {unknown}
 f - a potion of brilliance
 h - a potion of resistance {unknown}
 i - 2 potions of heal wounds {unknown}
 j - a potion of flight {unknown}
 k - 3 potions of curing {unknown}
 n - a potion of lignification {unknown}
 o - a potion of mutation {unknown}


   Skills:
 + Level 4.5 Fighting
 + Level 4.9 Long Blades
 + Level 5.1 Armour
 + Level 1.3 Dodging
 + Level 0.1 Stealth
 + Level 4.3 Shields


You had 4 spell levels left.
You didn't know any spells.
Your spell library contained the following spells:

 Spells                   Type           Power      Damage    Failure   Level
 Summon Guardian Golem    Hex/Summ       0%         N/A       99%         3
 Orb of Destruction       Conj           0%         9d5       100%        7
 Spellforged Servitor     Conj/Summ      0%         N/A       100%        7


Dungeon Overview and Level Annotations

Branches:
Dungeon (4/15)             Temple (1/1) D:4

Altars:
Ashenzari
Dithmenos
Elyvilon
Fedhas
Gozag
Hepliaklqana
Kikubaaqudgha
Nemelex Xobeh
Qazlal
Sif Muna
Trog
Uskayaw
Vehumet
Wu Jian
Xom
Yredelemnul
Zin

Shops:
D:4 *![

Annotations:
D:4 Eustachio


Innate Abilities, Weirdness & Mutations

You have a pair of horns on your head.
You reflexively headbutt those who attack you in melee.


Message History

You kill the rat!
The rat's corpse disappears in a puff of smoke!
You hit Eustachio. Your headbutt misses Eustachio.
Eustachio is lightly wounded.
Eustachio hits you with a +2 rapier of venom.
Eustachio barely misses you.
You slash Eustachio! You headbutt Eustachio.
Eustachio is moderately wounded.
Eustachio hits you with a +2 rapier of venom.
You are poisoned.
The crimson imp blinks!
You closely miss Eustachio. Your headbutt misses Eustachio.
Eustachio is moderately wounded.
You feel very sick.
Eustachio mumbles some strange words.
You barely miss Eustachio.
Eustachio is moderately wounded.
You feel sick.
Eustachio hits you with a +2 rapier of venom.
You are more poisoned.
The rat bites you but does no damage.
You hit Eustachio but do no damage.
Eustachio is moderately wounded.
You feel very sick.
Eustachio hits you with a +2 rapier of venom.
You are lethally poisoned!
The rat bites you but does no damage.
You hit Eustachio.
Eustachio is moderately wounded.
* * * LOW HITPOINT WARNING * * *
You feel very sick.
Eustachio hits you with a +2 rapier of venom!
* * * LOW HITPOINT WARNING * * *
You are more poisoned.
The rat bites you but does no damage.
Eustachio mumbles some strange words.
Eustachio blinks!
It was a potion of brilliance.
You feel clever all of a sudden.
You die...

...######..#.#.#.#
≈≈......#..#.#.#.#
≈≈≈≈....#..#.#.#.#
≈≈≈≈≈...#..#.#...#
≈≈≈≈≈≈..####.#####
.≈≈≈≈.....#...#§#
≈≈≈≈≈≈.#...#####5#
≈≈≈≈≈..#...# #b#
≈≈≈≈..##...# #5#
≈≈........## #.#
..........# #.#
.#........# .@#
.#........#


You could see Eustachio, a crimson imp (summoned), an ufetubus (summoned), a bat
(summoned) and a rat (summoned).

Vanquished Creatures
  A hound (D:4)
  2 iguanas
  7 adders
  3 adder skeletons (D:4)
  2 worms
  A dart slug (D:2)
  3 orcs
  3 endoplasms
  3 giant cockroaches
  11 goblins
  11 hobgoblins
  8 kobolds
  4 quokkas
  7 ball pythons
  5 bats
  6 frilled lizards
  6 rats
83 creatures vanquished.

Notes
Turn   | Place    | Note
-------+----------+-------------------------------------------
     0 | D:1      | Peloso the Minotaur Fighter began the quest for the Orb.
     0 | D:1      | Reached XP level 1. HP: 19/19 MP: 0/0
   245 | D:1      | Reached XP level 2. HP: 27/27 MP: 1/1
   306 | D:1      | Reached skill level 4 in Armour
  1077 | D:1      | Reached XP level 3. HP: 31/33 MP: 2/2
  1368 | D:2      | Reached XP level 4. HP: 40/40 MP: 3/3
  2041 | D:3      | Reached skill level 1 in Dodging
  2675 | D:4      | Found Dapteolux's Mayhem Merchandise.
  2749 | D:4      | Reached XP level 5. HP: 45/47 MP: 4/4
  2788 | D:4      | Found a staircase to the Ecumenical Temple.
  2795 | Temple   | Entered the Ecumenical Temple
  2991 | D:4      | Found Camon's Distillery.
  3020 | D:4      | Found a blossoming altar of Fedhas.
  3052 | D:4      | Reached skill level 5 in Armour
  3426 | D:4      | Found Tacid's Antique Armour Shoppe.
  3500 | D:4      | Noticed an orc warrior
  3503 | D:4      | Noticed a phantom
  3927 | D:4      | Noticed Eustachio
  3942 | D:4      | Succumbed to Eustachio's poison

Illustrated notes

Levels and vault maps discovered:
D:1:      matt_arrival_spirals, layout_loops_ring
D:2:      layout_basic, minmay_door_square
D:3:      layout_basic
D:4:      minmay_diamond_boxcup, layout_gridville, fedhas_ov_isle_minmay,
          minmay_temple_entry_drinking_statues, nicolae_inconvenience_store,
          roderic_serpentine_path, amcnicky_mini_pool_small, minmay_shop_mayhem,
          nicolae_take_the_stairs, uniq_eustachio
Temple:   eino_temple_scatter_basement

Skill      XL: |  1  2  3  4  5 |
---------------+----------------+-----
Shields        | 4 |  4.3
Armour         | 4 5 |  5.1
Fighting       | 4 |  4.5
Long Blades    | 3 4 |  4.9
Dodging        | 1 |  1.3
Stealth        | |  0.1

Action                   |  1- 3 |  4- 6 || total
-------------------------+-------+-------++-------
Melee: Long sword        |    81 |   146 ||   227
       Headbutt          |     9 |    22 ||    31
  Use: Scroll            |       |     1 ||     1
       Potion            |       |     1 ||     1
Armor: Scale mail        |    31 |    62 ||    93
Dodge: Dodged            |    44 |    59 ||   103
Block: Buckler           |    21 |    27 ||    48
